 Dungeon Crawl Stone Soup version 0.20-a0-893-g832831a (webtiles) character file.

94 Rrauwl the Chopper (level 4, -3/38 HPs)
             Began as a Hill Orc Warper on Mar 17, 2017.
             Slain by a centaur (7 damage)
             ... on level 2 of the Dungeon.
             The game lasted 00:12:40 (2416 turns).

Rrauwl the Chopper (Hill Orc Warper)                Turns: 2416, Time: 00:12:40

Health: -3/38      AC:  5    Str: 14    XL:     4   Next: 63%
Magic:  6/6        EV: 11    Int: 13    God:
Gold:   57         SH:  3    Dex: 10    Spells: 4/6 levels left

rFire    + . .     SeeInvis .   a - +0 hand axe
rCold    + . .     Gourm    .   b - +0 leather armour
rNeg     . . .     Faith    .   l - +0 buckler
rPois    +         Spirit   .   (no helmet)
rElec    .         Reflect  .   e - scarf {rC+ rF+}
rCorr    .         Harm     .   (no gloves)
MR       .....                  (no boots)
Stlth    +.........             (no amulet)
Regen    0.2/turn               (no ring)
MPRegen  0.1/turn               n - ring of poison resistance

@: no status effects
A: iridescent scales 1, poison resistance, no potion heal 1
a: no special abilities


You were on level 2 of the Dungeon.
You were not hungry.

You visited 1 branch of the dungeon, and saw 3 of its levels.

You collected 57 gold pieces.

Inventory:

Hand Weapons
 a - a +0 hand axe (weapon)
Armour
 b - a +0 leather armour (worn)
 e - a scarf of resistance (worn)
 l - a +0 buckler (worn)
Jewellery
 n - a ring of poison resistance (left hand)
Scrolls
 d - a scroll of blinking
 h - a scroll of immolation
 i - a scroll of remove curse
 j - 2 scrolls of amnesia
 o - a scroll of identify
Potions
 g - a potion of cancellation
Books
 c - a book of Spatial Translocations

   Spells                             Type                      Level
   a - Blink                          Translocation                2
   b - Shroud of Golubria             Charms/Translocation         2
   c - Lesser Beckoning               Translocation                3
   d - Gell's Gravitas                Translocation                3
   e - Teleport Other                 Translocation                3
   f - Passage of Golubria            Translocation                4
Comestibles
 f - 2 bread rations
 k - 5 chunks of flesh
 m - a royal jelly


   Skills:
 + Level 3.3 Fighting
 + Level 3.3 Axes
 - Level 1.0 Throwing
 + Level 2.2 Armour
 - Level 2.0 Dodging
 + Level 1.6 Shields
 - Level 1.9 Spellcasting
 - Level 2.4 Translocations


You had 4 spell levels left.
You knew the following spells:

 Your Spells              Type           Power        Failure   Level  Hunger
a - Blink                 Tloc           N/A          28%         2    ###....


Dungeon Overview and Level Annotations

Branches:
Dungeon (3/15)

Altars:


Innate Abilities, Weirdness & Mutations

You are partially covered in iridescent scales. (AC +2)
Your system is resistant to poisons. (rPois)
Potions are less effective at restoring your health.


Message History

The centaur is heavily wounded.
The centaur hits you. x2
You hit the centaur.
The centaur is heavily wounded.
The centaur hits you but does no damage. x2
You hit the centaur.
The centaur is almost dead.
The centaur hits you.
* * * LOW HITPOINT WARNING * * *
The centaur hits you.
* * * LOW HITPOINT WARNING * * *
You closely miss the centaur.
The centaur is almost dead.
The centaur hits you.
* * * LOW HITPOINT WARNING * * *
The centaur barely misses you.
You hit the centaur.
The centaur is almost dead.
The centaur hits you!
You die...

#################...#####.#######
#...>.....'....)..c)......#
#.#########...#####.....>.# #.#
#...# ######### #.# #...####
#...... #.# #...รท..# #.##### #.#
#...##.# #.#....
#.#########c..##.####.#.##.
#.........@...#..[.......#.
###########...#######.#..#. #####
#.#..#. #.####. #...... #######


You could see a centaur.

Vanquished Creatures
  4 adders (D:2)
  A worm (D:2)
  2 dart slugs (D:1)
  4 leopard geckos
  3 bats
  3 giant cockroaches
  9 goblins
  6 hobgoblins
  3 jackals (D:2)
  3 frilled lizards (D:1)
  3 kobolds
  4 rats
45 creatures vanquished.

Notes
Turn   | Place    | Note
-------+----------+-------------------------------------------
     0 | D:1      | Rrauwl the Hill Orc Warper began the quest for the Orb.
     0 | D:1      | Reached XP level 1. HP: 18/18 MP: 3/3
    12 | D:1      | Reached skill level 1 in Throwing
   124 | D:1      | Reached XP level 2. HP: 17/25 MP: 4/4
   671 | D:1      | Reached XP level 3. HP: 30/30 MP: 5/5
  1200 | D:2      | Learned a level 2 spell: Blink
  1350 | D:2      | Reached skill level 1 in Shields
  1511 | D:2      | Reached XP level 4. HP: 17/38 MP: 6/6
  1988 | D:2      | Gained mutation: You are partially covered in iridescent scales. (AC +2) [potion of mutation]
  1988 | D:2      | Gained mutation: Potions are less effective at restoring your health. [potion of mutation]
  1988 | D:2      | Gained mutation: Your system is resistant to poisons. (rPois) [potion of mutation]
  2244 | D:2      | Noticed a centaur
  2416 | D:2      | Slain by a centaur

Vault maps used:
D:1:      minmay_arrival_plants_in_alcoves
D:2:      first_bread
D:3:      cheibrodos_thug_alley, tso_metal_star

Skill      XL: |  1  2  3 |
---------------+----------+-----
Throwing       | 1 |  1.0
Dodging        | 2 |  2.0
Axes           | 3 |  3.3
Armour         | 2 |  2.2
Shields        | 1 |  1.6
Fighting       | 3 |  3.3
Spellcasting   | |  1.9
Translocations | |  2.4

Action                   |  1- 3 |  4- 6 || total
-------------------------+-------+-------++-------
Melee: Hand axe          |   108 |    67 ||   175
Throw: Tomahawk          |     4 |     1 ||     5
 Cast: Blink             |       |     1 ||     1
  Use: Scroll            |     5 |     2 ||     7
       Potion            |     3 |     2 ||     5
  Eat: Chunk             |     2 |     2 ||     4
       Fruit             |       |     1 ||     1
Armor: Leather armour    |    21 |    16 ||    37
       Skin              |    13 |       ||    13
Dodge: Dodged            |    43 |    29 ||    72
Block: Buckler           |     6 |    11 ||    17
